[Event "Late-Titled-Tuesday-Blitz-June-25-2024"]
[Site "Chess.com"]
[Date "2024.06.25"]
[Round "3"]
[White "Kaslask"]
[Black "JulbeNn"]
[Result "0-1"]
[WhiteElo "2234"]
[BlackElo "2543"]
[TimeControl "180+1"]
[EndTime "14:24:12 PDT"]
[Termination "JulbeNn won by resignation"]

1. c4 Nf6 2. Nc3 g6 3. e4 d6 4. d4 Bg7 5. f3 O-O 6. Nge2 e5 7. Bg5 Qe8 8. d5 a5 9. Qd2 Na6 10. g4 Nc5 11. Ng3 Bd7 12. h4 Kh8 13. Be2 c6 14. h5 Kg8 15. dxc6 bxc6 16. Qxd6 Ne6 17. Be3 Nd4 18. O-O-O Be6 19. Rxd4 exd4 20. Bxd4 Rd8 21. Qc5 Nd7 22. Qa7 Ra8 23. Qxa8 Qxa8 24. Bxg7 Kxg7 25.
g5 Qb8 0-1

[Event "Late-Titled-Tuesday-Blitz-June-25-2024"]
[Site "Chess.com"]
[Date "2024.06.25"]
[Round "3"]
[White "drdaro"]
[Black "Necromon"]
[Result "0-1"]
[WhiteElo "2322"]
[BlackElo "2561"]
[TimeControl "180+1"]
[EndTime "14:24:18 PDT"]
[Termination "Necromon won by resignation"]

1. Nf3 Nf6 2. g3 g6 3. Bg2 Bg7 4. O-O O-O 5. d4 d6 6. Re1 c5 7.
e4 cxd4 8. Nxd4 Nc6 9. Nc3 Nxd4 10. Qxd4 Be6 11. Qa4 a6 12. Nd5 b5 13. Qa3 Bxd5 14.
exd5 Nd7 15. Bg5 Re8 16. c3 Ne5 17. Qb4 Nd3 18. Qe4 Nxe1 19. Rxe1 Bf8 20. h4 Qd7 21. h5 e5 22. dxe6 Rxe6 23. Qxa8 Rxe1+ 24. Kh2 Qf5 25. f4 h6 0-1

[Event "Late-Titled-Tuesday-Blitz-June-25-2024"]
[Site "Chess.com"]
[Date "2024.06.25"]
[Round "3"]
[White "Patolindo"]
[Black "JERO-8914"]
[Result "1-0"]
[WhiteElo "2153"]
[BlackElo "2403"]
[TimeControl "180+1"]
[EndTime "14:24:20 PDT"]
[Termination "Patolindo won by resignation"]

1. d4 d5 2. c4 e6 3. Nf3 Nf6 4. Nc3 h6 5. Bf4 Bd6 6. Bxd6 Qxd6 7. c5 Qe7 8. e3 O-O 9. Ne5 b6 10. b4 a5 11. a3 axb4 12. axb4 Rxa1 13. Qxa1 bxc5 14.
bxc5 c6 15. Bd3 Nfd7 16. Qa7 f6 17. Ng6 Qf7 18. Nxf8 Kxf8 19. O-O e5 20. Bf5 g6 21. Bh3 f5 22. Qc7 Ba6 23. Rb1 Qe8 24. dxe5 Bd3 25. Rb7 Ba6 26. Ra7 Ke7 27. Qd6+ Kd8 28. e6 1-0

[Event "Late-Titled-Tuesday-Blitz-June-25-2024"]
[Site "Chess.com"]
[Date "2024.06.25"]
[Round "3"]
[White "Supergiuly"]
[Black "Keithonsky"]
[Result "0-1"]
[WhiteElo "2368"]
[BlackElo "2602"]
[TimeControl "180+1"]
[EndTime "14:24:23 PDT"]
[Termination "Keithonsky won by resignation"]

1. e4 c5 2. Nc3 g6 3. g3 Bg7 4. Bg2 Nc6 5. Nge2 d6 6. O-O Rb8 7. d3 b5 8. a3 a5 9. f4 b4 10. axb4 axb4 11. e5 Bb7 12. Nb5 Qb6 13. c4 dxe5 14.
fxe5 Nxe5 15. Bf4 Bxg2 16. Kxg2 Qc6+ 17. Kg1 Rd8 18. d4 Nf3+ 19. Kf2 Nxh2 20. d5 Qf6 21. Nc7+ Kf8 22. Rh1 Ng4+ 23. Ke1 Qxb2 24. Bd2 Qxa1 25.
Qxa1 Bxa1 26. Rf1 N8f6 27. Nf4 Be5 28. Nfe6+ fxe6 29. Nxe6+ Kf7 0-1

[Event "Late-Titled-Tuesday-Blitz-June-25-2024"]
[Site "Chess.com"]
[Date "2024.06.25"]
[Round "3"]
[White "LidongW"]
[Black "Davidalhesa2007"]
[Result "1-0"]
[WhiteElo "2342"]
[BlackElo "1907"]
[TimeControl "180+1"]
[EndTime "14:24:24 PDT"]
[Termination "LidongW won by checkmate"]

1. e4 c5 2. c3 Nf6 3. e5 Nd5 4. d4 e6 5. Nf3 cxd4 6. cxd4 d6 7.
Nc3 dxe5 8. Nxe5 Bd6 9. Bb5+ Bd7 10. Nxd7 Nxd7 11. Qg4 g6 12. Nxd5 exd5 13. O-O a6 14.
Re1+ Be7 15. Bg5 axb5 16. Rxe7+ Kf8 17. Rxf7+ Kxf7 18. Bxd8 Rhxd8 19. Re1 Nf8 20. Qf4+ Kg8 21. Re7 Re8 22. Qf7+ Kh8 23. Qg7# 1-0

[Event "Late-Titled-Tuesday-Blitz-June-25-2024"]
[Site "Chess.com"]
[Date "2024.06.25"]
[Round "3"]
[White "secretworker2027"]
[Black "Bugcrusher"]
[Result "0-1"]
[WhiteElo "2628"]
[BlackElo "2467"]
[TimeControl "180+1"]
[EndTime "14:24:31 PDT"]
[Termination "Bugcrusher won by resignation"]

1. e4 e6 2. d4 d5 3. e5 c5 4. c3 Nc6 5. Nf3 Nge7 6. Bd3 cxd4 7. cxd4 Nf5 8. Bxf5 exf5 9. O-O Be7 10. a3 Be6 11. b4 O-O 12. b5 Na5 13. a4 Nc4 14. Nbd2 a6 15. bxa6 Rxa6 16. Nb3 b6 17. Ne1 Qa8 18. Nd2 b5 19. Nxc4 dxc4 20. a5 Bd5 21.
Nc2 Bxg2 22. Re1 Bh1 23. Ne3 f4 24. d5 fxe3 25. Kxh1 exf2 26. Rf1 Bc5 27. Bg5 Rg6 28. Qd2 h6 29. Be3 Bxe3 0-1

[Event "Late-Titled-Tuesday-Blitz-June-25-2024"]
[Site "Chess.com"]
[Date "2024.06.25"]
[Round "3"]
[White "Bkmzzzzz"]
[Black "sergeikim"]
[Result "1-0"]
[WhiteElo "2408"]
[BlackElo "2596"]
[TimeControl "180+1"]
[EndTime "14:24:32 PDT"]
[Termination "Bkmzzzzz won by resignation"]

1. e4 e5 2. Nf3 Nc6 3. Nc3 Nf6 4.
d4 exd4 5. Nd5 Nxe4 6. Qe2 f5 7. Ng5 d3 8. cxd3 Nd4 9. Qh5+ g6 10. Qh4 c6 11. dxe4 cxd5 12. exf5 Nxf5 13. Qh3 Qa5+ 14. Kd1 Qa4+ 15. b3 Qd4+ 16. Kc2 Qxa1 17. Bd3 Bg7 18. Re1+ Kf8 19. Bxf5 gxf5 20. Ba3+ 1-0

[Event "Late-Titled-Tuesday-Blitz-June-25-2024"]
[Site "Chess.com"]
[Date "2024.06.25"]
[Round "3"]
[White "Juliana_Figueira"]
[Black "Viktor_Poddubnyi"]
[Result "1-0"]
[WhiteElo "1965"]
[BlackElo "2329"]
[TimeControl "180+1"]
[EndTime "14:24:34 PDT"]
[Termination "Juliana_Figueira won by resignation"]

1. d4 g6 2. c4 Bg7 3. Nc3 c5 4. d5 f5 5. g3 Bxc3+ 6. bxc3 Qa5 7. Bb2 Nf6 8. Bg2 d6 9. Nf3 Nbd7 10. O-O Nb6 11.
Nd2 Bd7 12. e3 Ba4 13. Qe2 O-O 14. e4 Bc2 15. Nb3 Qa4 16. Qxc2 fxe4 17. Bxe4 Nxc4 18. Bg2 Ne5 19. Nd4 cxd4 20. Qxa4 1-0

[Event "Late-Titled-Tuesday-Blitz-June-25-2024"]
[Site "Chess.com"]
[Date "2024.06.25"]
[Round "3"]
[White "SaqoChess_Twitch"]
[Black "Azeryahu"]
[Result "0-1"]
[WhiteElo "2602"]
[BlackElo "2871"]
[TimeControl "180+1"]
[EndTime "14:24:36 PDT"]
[Termination "Azeryahu won by resignation"]

1. d4 d5 2. c4 e6 3. Nc3 h6 4. Nf3 Nf6 5. cxd5 exd5 6. Bf4 Bd6 7. Be5 c6 8. e3 O-O 9. Bd3 Bg4 10. h3 Bxf3 11.
Qxf3 Bxe5 12. dxe5 Nfd7 13. Qg3 Nc5 14. Bc2 Nbd7 15.
O-O Qg5 16. Qxg5 hxg5 17. f4 a5 18. a3 gxf4 19. exf4 d4 20. Ne4 d3 21. Nxc5 Nxc5 22.
Bd1 a4 23. Rc1 Ra5 24. Rc3 Rd8 25. Rf2 Ne4 26. Rc4 Nxf2 27. Kxf2 Rb5 28. Bxa4 Rxb2+ 29. Ke3 b5 0-1

[Event "Late-Titled-Tuesday-Blitz-June-25-2024"]
[Site "Chess.com"]
[Date "2024.06.25"]
[Round "3"]
[White "FMalexhdez"]
[Black "Gangster-accountant01"]
[Result "0-1"]
[WhiteElo "2301"]
[BlackElo "2557"]
[TimeControl "180+1"]
[EndTime "14:24:37 PDT"]
[Termination "Gangster-accountant01 won by resignation"]

1. e4 e5 2. Nf3 Nc6 3. Bc4 Nf6 4.
d3 Bc5 5. c3 O-O 6. O-O d5 7.
exd5 Nxd5 8. Nbd2 Nb6 9. Bb5 Bg4 10. Ne4 Bd6 11. h3 Bh5 12. Ng3 Bg6 13. Re1 Re8 14. Bg5 f6 15. Bxc6 bxc6 16. Be3 Nd5 17. Ne4 Nxe3 18.
Rxe3 Bf8 19. Qb3+ Bf7 20. Qa4 Qd5 21. c4 Qd7 22. Rd1 Red8 23. d4 c5 24. d5 Qxa4 0-1

[Event "Late-Titled-Tuesday-Blitz-June-25-2024"]
[Site "Chess.com"]
[Date "2024.06.25"]
[Round "3"]
[White "scrambleyourbrain"]
[Black "Gzucaritas"]
[Result "0-1"]
[WhiteElo "2384"]
[BlackElo "2022"]
[TimeControl "180+1"]
[EndTime "14:24:37 PDT"]
[Termination "Gzucaritas won by checkmate"]

1. e4 e6 2. d4 d5 3. Nd2 Nf6 4. e5 Nfd7 5. Bd3 c5 6. c3 Nc6 7. Ne2 cxd4 8. cxd4 f6 9. exf6 Nxf6 10. O-O Bd6 11.
Nf3 Qc7 12. g3 O-O 13. Nf4 e5 14. dxe5 Nxe5 15. Nxe5 Bxe5 16. Bc2 d4 17. Bb3+ Kh8 18. Bd2 Qd6 19. Qe1 g5 20. Nd3 Re8 21. Bxg5 Bh3 22. f4 Qc6 23. Qf2 Ng4 24. Qd2 Bg7 25. Rfc1 Qf3 26. Ne1 Qf1# 0-1

[Event "Late-Titled-Tuesday-Blitz-June-25-2024"]
[Site "Chess.com"]
[Date "2024.06.25"]
[Round "3"]
[White "glebus008"]
[Black "Thjop"]
[Result "1-0"]
[WhiteElo "2401"]
[BlackElo "2589"]
[TimeControl "180+1"]
[EndTime "14:24:42 PDT"]
[Termination "glebus008 won by resignation"]

1. a3 e5 2. Nc3 d5 3. d4 e4 4. f3 f5 5. Bf4 c6 6. e3 Bd6 7.
Nh3 h6 8. fxe4 fxe4 9. Qh5+ Kd7 10. Qg4+ Kc7 11. Qxg7+ Ne7 12. Bxd6+ Kxd6 13. Nf4 Bf5 14. g4 Bh7 15. Qe5+ Kd7 16. Qe6+ Ke8 17. Qxh6 Ng8 18. Qg7 Qh4+ 19. Kd2 Nd7 20. Qxh8 Kf7 21. Nh5 Ndf6 22. Qg7+ Ke6 23. Be2 Nxh5 24. Qxh7 1-0

[Event "Late-Titled-Tuesday-Blitz-June-25-2024"]
[Site "Chess.com"]
[Date "2024.06.25"]
[Round "3"]
[White "DenLaz"]
[Black "lamomiajunior"]
[Result "1-0"]
[WhiteElo "3121"]
[BlackElo "2750"]
[TimeControl "180+1"]
[EndTime "14:24:50 PDT"]
[Termination "DenLaz won by resignation"]

1. d4 Nf6 2. c4 e6 3. Nf3 d5 4. g3 Bb4+ 5. Bd2 Be7 6. Bg2 O-O 7. Qc2 c6 8. O-O Nbd7 9. Bf4 b6 10. cxd5 cxd5 11.
Rc1 Ba6 12. Nc3 h6 13. h4 Bb4 14. e3 Qe7 15. Qa4 Bc4 16. a3 Bxc3 17. Rxc3 Ne4 18.
Rxc4 dxc4 19. Ne5 Nxe5 20. Bxe4 Rac8 21. dxe5 g5 22. hxg5 hxg5 23. Qd1 f5 24. exf6 Qxf6 25. Qg4 Rc5 26. Rf1 1-0

[Event "Late-Titled-Tuesday-Blitz-June-25-2024"]
[Site "Chess.com"]
[Date "2024.06.25"]
[Round "3"]
[White "Bryanl106"]
[Black "kasparicy"]
[Result "1-0"]
[WhiteElo "2745"]
[BlackElo "2494"]
[TimeControl "180+1"]
[EndTime "14:24:51 PDT"]
[Termination "Bryanl106 won by resignation"]

1. e4 e5 2. Nf3 Nc6 3. Nc3 d6 4. d4 exd4 5. Nxd4 Nf6 6. Bc4 Be7 7. O-O O-O 8. Re1 Re8 9. Bg5 h6 10. Bh4 Bg4 11. f3 Bh5 12. Nf5 Nh7 13. Nxe7+ Nxe7 14. Nd5 g5 15. Bf2 c6 16. Ne3 Bg6 17. Qd4 Qb6 18.
Rad1 Qxd4 19. Rxd4 Rad8 20. Red1 Nc8 21. Bb3 Re7 22. Bg3 Red7 23. Nc4 Nf6 24. Nxd6 Ne8 25. Nxf7 Rxd4 26. Nxd8+ Kh7 27. Rxd4 1-0

[Event "Late-Titled-Tuesday-Blitz-June-25-2024"]
[Site "Chess.com"]
[Date "2024.06.25"]
[Round "3"]
[White "Alex_Sahakyan2006"]
[Black "jlf287"]
[Result "1-0"]
[WhiteElo "2728"]
[BlackElo "2484"]
[TimeControl "180+1"]
[EndTime "14:24:56 PDT"]
[Termination "Alex_Sahakyan2006 won by resignation"]

1. e4 e5 2. Nf3 Nc6 3. Nc3 Nf6 4. Bb5 Nd4 5. Bc4 Bc5 6. d3 d6 7. h3 h6 8. Nxd4 Bxd4 9. Qf3 c6 10. Ne2 Bb6 11.
Ng3 Be6 12. Bb3 Qd7 13. Be3 Bxe3 14. fxe3 O-O 15. O-O a5 16. c3 a4 17. Bc2 d5 18.
Nf5 dxe4 19. dxe4 Bxf5 20. exf5 Rfe8 21. Rad1 Qc7 22. e4 Qb6+ 23. Rf2 Qxb2 24. Bxa4 Qa3 25. Bb3 Red8 26. Rfd2 Qa5 27. Kh2 Rxd2 28. Rxd2 Rd8 29.
Rd3 Kf8 30. Qd1 Rxd3 31. Qxd3 Ke7 32. Qc4 Nd7 33. Qxf7+ Kd6 34. Qxg7 Kc7 35. Be6 1-0

[Event "Late-Titled-Tuesday-Blitz-June-25-2024"]
[Site "Chess.com"]
[Date "2024.06.25"]
[Round "3"]
[White "pinelone"]
[Black "ozates"]
[Result "0-1"]
[WhiteElo "2425"]
[BlackElo "2618"]
[TimeControl "180+1"]
[EndTime "14:24:57 PDT"]
[Termination "ozates won by checkmate"]

1. Nf3 c5 2. c3 d5 3. d4 cxd4 4. cxd4 Nc6 5. Nc3 Nf6 6. Bf4 Bf5 7. e3 e6 8. Qb3 Bb4 9. Bb5 O-O 10. Bxc6 Bxc3+ 11.
Qxc3 Rc8 12. Ne5 bxc6 13. O-O c5 14. Bg5 Ne4 15. Bxd8 Nxc3 16. Be7 Ne2+ 17. Kh1 cxd4 18. Bxf8 Kxf8 19. exd4 Rc2 20. b3 Nxd4 21. Rfc1 Rxf2 22. Rc7 Be4 23. Rg1 Ne2 24. Nc6 g5 25. Rxa7 Bxg2+ 26. Rxg2 Rf1+ 27. Rg1 Rxg1# 0-1

[Event "Late-Titled-Tuesday-Blitz-June-25-2024"]
[Site "Chess.com"]
[Date "2024.06.25"]
[Round "3"]
[White "ybothg"]
[Black "kubal123"]
[Result "1-0"]
[WhiteElo "2505"]
[BlackElo "2280"]
[TimeControl "180+1"]
[EndTime "14:24:57 PDT"]
[Termination "ybothg won by resignation"]

1. d4 Nf6 2. Bg5 e6 3. e4 h6 4. Bxf6 Qxf6 5. c3 g6 6. Nd2 Bg7 7. Ngf3 O-O 8. Bd3 d6 9. O-O e5 10. h3 Nc6 11. d5 Ne7 12. c4 g5 13. Nh2 Ng6 14. Ng4 Qe7 15. Re1 Nf4 16. Bc2 h5 17. Ne3 Qf6 18. Nf5 Kh7 19. Kh2 h4 20. Qg4 Bh6 21. Nf3 Rg8 22. g3 hxg3+ 23. fxg3 Bxf5 24.
exf5 e4 25. Rxe4 Qxb2 26. Nd4 Nd3 27. Rb1 Qxa2 28. f6 Ne5 29. Rxe5+ Kh8 30. Qh5 1-0

[Event "Late-Titled-Tuesday-Blitz-June-25-2024"]
[Site "Chess.com"]
[Date "2024.06.25"]
[Round "3"]
[White "MagnusCarlsen"]
[Black "SujanaLohani"]
[Result "1-0"]
[WhiteElo "3164"]
[BlackElo "2292"]
[TimeControl "180+1"]
[EndTime "14:24:59 PDT"]
[Termination "MagnusCarlsen won by resignation"]

1. h4 d5 2. e3 Nf6 3. c4 e6 4. g4 c5 5. g5 Nfd7 6. cxd5 exd5 7. Bg2 Ne5 8. d4 cxd4 9. exd4 Bb4+ 10. Nc3 Nec6 11.
Ne2 O-O 12. h5 Re8 13. g6 Bg4 14. gxf7+ Kxf7 15. Be3 Ne7 16. Qb3 Nbc6 17. Kf1 Kg8 18. Nf4 Nf5 19. Bxd5+ Kh8 20. Ng6+ hxg6 21. hxg6+ Nh4 22.
Ne4 Bf3 23. Bg5 Qxd5 24. Rxh4+ Kg8 25. Qxd5+ 1-0

[Event "Late-Titled-Tuesday-Blitz-June-25-2024"]
[Site "Chess.com"]
[Date "2024.06.25"]
[Round "3"]
[White "toninhojit"]
[Black "Aswathchess"]
[Result "0-1"]
[WhiteElo "2502"]
[BlackElo "2771"]
[TimeControl "180+1"]
[EndTime "14:25:01 PDT"]
[Termination "Aswathchess won by resignation"]

1. e4 d6 2. d4 Nf6 3. Nc3 e5 4. Nf3 Nbd7 5. Bc4 Be7 6. O-O O-O 7. a4 c6 8. b3 h6 9. Re1 Re8 10. Ba3 Qc7 11. dxe5 Nxe5 12. Nxe5 dxe5 13. Bxe7 Qxe7 14. Qd2 Be6 15. Bxe6 Qxe6 16. Rad1 a5 17. Qd6 Qxd6 18. Rxd6 Kf8 19. Red1 Ke7 20. f3 Red8 21. Rxd8 Rxd8 22. Rxd8 Kxd8 23. Kf2 Ne8 24. Ke3 Nc7 25. Nb1 b5 26.
Kd3 Kd7 27. Kc3 Ne6 28. b4 axb4+ 29. Kxb4 bxa4 30. Kxa4 Nf4 31. g4 Kd6 32. Kb4 Ng2 33. Nd2 Ne1 34. c4 Nd3+ 35. Kc3 Nf4 36. Kb4 Ne6 37.
c5+ Ke7 38. Nc4 f6 39. Na5 Nd4 40. Kc4 Kd7 41. f4 Nf3 42. fxe5 Nxe5+ 43. Kd4 Nxg4 44. h4 h5 45. Nc4 g5 46. hxg5 fxg5 47. Nd2 h4 48. Kd3 h3 0-1

[Event "Late-Titled-Tuesday-Blitz-June-25-2024"]
[Site "Chess.com"]
[Date "2024.06.25"]
[Round "3"]
[White "Cosi43"]
[Black "medinapazmiguel1968"]
[Result "1-0"]
[WhiteElo "2698"]
[BlackElo "2467"]
[TimeControl "180+1"]
[EndTime "14:25:01 PDT"]
[Termination "Cosi43 won by resignation"]

1. e4 c5 2. Nf3 Nc6 3. b4 Nxb4 4.
c3 Nc6 5. d4 cxd4 6. cxd4 d5 7.
exd5 Qxd5 8. Nc3 Qa5 9. d5 Qxc3+ 10. Bd2 Qf6 11. dxc6 bxc6 12. Rc1 Qe6+ 13. Be2 Ba6 14. Nd4 Qe5 15. Be3 Bxe2 16. Qxe2 Nf6 17. Nxc6 Qc7 18. Qb5 Qd7 19. O-O e6 20. Rfd1 Nd5 21. Rxd5 exd5 22.
Re1 Be7 23. Bc5 O-O 24. Nxe7+ Kh8 25. Qxd7 1-0

[Event "Late-Titled-Tuesday-Blitz-June-25-2024"]
[Site "Chess.com"]
[Date "2024.06.25"]
[Round "3"]
[White "igorkovalenko"]
[Black "BlackBoarder"]
[Result "1-0"]
[WhiteElo "2998"]
[BlackElo "2699"]
[TimeControl "180+1"]
[EndTime "14:25:02 PDT"]
[Termination "igorkovalenko won by resignation"]

1. d4 Nf6 2. Nf3 e6 3. c4 d5 4.
Nc3 Bb4 5. e3 O-O 6. Bd3 dxc4 7.
Bxc4 c5 8. O-O cxd4 9. exd4 Nc6 10. Bg5 h6 11. Bh4 b6 12. d5 Na5 13. Bd3 Bxc3 14.
bxc3 exd5 15. Nd4 Qd6 16. Re1 Ne4 17. c4 Nc5 18. Be7 Qf4 19. Bxf8 Kxf8 20. Ne2 Qg5 21. cxd5 Qxd5 22. Nf4 Qd4 23. Re8+ Kxe8 24. Bb5+ 1-0

[Event "Late-Titled-Tuesday-Blitz-June-25-2024"]
[Site "Chess.com"]
[Date "2024.06.25"]
[Round "3"]
[White "RodriQA"]
[Black "Bob_2004"]
[Result "0-1"]
[WhiteElo "2487"]
[BlackElo "2742"]
[TimeControl "180+1"]
[EndTime "14:25:02 PDT"]
[Termination "Bob_2004 won by resignation"]

1. Nf3 Nf6 2. g3 d5 3. Bg2 Bf5 4. c4 c6 5. Qb3 Qb6 6. d3 e6 7. Be3 Qa5+ 8. Nc3 Qc7 9. Nh4 Bg4 10. h3 Bh5 11. g4 Bg6 12. Rc1 Qd7 13. Nxg6 hxg6 14.
g5 Nh5 15. Qa4 d4 16. Nd5 exd5 17. Bxd4 dxc4 18. Qxc4 Be7 19. b4 Bxg5 20. b5 Bxc1 0-1

[Event "Late-Titled-Tuesday-Blitz-June-25-2024"]
[Site "Chess.com"]
[Date "2024.06.25"]
[Round "3"]
[White "ncofre98"]
[Black "MuhittinBuker"]
[Result "1-0"]
[WhiteElo "2540"]
[BlackElo "2232"]
[TimeControl "180+1"]
[EndTime "14:25:08 PDT"]
[Termination "ncofre98 won by checkmate"]

1. e4 e5 2. Nf3 Nc6 3. Bb5 a6 4. Ba4 Nf6 5. d3 b5 6. Bb3 Be7 7. O-O d6 8. c3 O-O 9. Re1 Na5 10. Bc2 c5 11. Nbd2 Qc7 12. Nf1 Re8 13. Ng3 g6 14. d4 cxd4 15. cxd4 Nc6 16. Be3 Nb4 17. Bb3 a5 18. Rc1 Qb8 19. Ng5 Rf8 20. a3 Na6 21. f4 a4 22. Ba2 Ng4 23. Nxf7 Rxf7 24. f5 Nxe3 25. Rxe3 Bg5 26. Rf3 Bxc1 27. fxg6 hxg6 28.
Rxf7 Be3+ 29. Kh1 Kh8 30. Qf3 Bh6 31. Qf6+ Kg8 32. Rf8+ Kh7 33. Rh8# 1-0

[Event "Late-Titled-Tuesday-Blitz-June-25-2024"]
[Site "Chess.com"]
[Date "2024.06.25"]
[Round "3"]
[White "GiorgianBarbosa"]
[Black "merinasian"]
[Result "1-0"]
[WhiteElo "2610"]
[BlackElo "2395"]
[TimeControl "180+1"]
[EndTime "14:25:10 PDT"]
[Termination "GiorgianBarbosa won by resignation"]

1. c4 d6 2. g3 g6 3. Bg2 Bg7 4.
Nc3 e5 5. e3 Nc6 6. Nge2 Bg4 7.
b3 Nge7 8. Bb2 O-O 9. O-O Qd7 10. Re1 Bh3 11. Bh1 f5 12. d4 exd4 13. exd4 Bg4 14. Qd2 f4 15. Nxf4 Nxd4 16. Ncd5 Nef5 17. h3 Bf3 18.
Bxd4 Nxd4 19. Re7 Bxh1 20. Kxh1 Nf3 21. Qe3 Rae8 22. Rxd7 Rxe3 23. Rxg7+ Kxg7 24. Nxe3 g5 25. Ne6+ 1-0

[Event "Late-Titled-Tuesday-Blitz-June-25-2024"]
[Site "Chess.com"]
[Date "2024.06.25"]
[Round "3"]
[White "Boundless_Strike"]
[Black "chrisclaireredfield"]
[Result "1-0"]
[WhiteElo "2721"]
[BlackElo "2480"]
[TimeControl "180+1"]
[EndTime "14:25:11 PDT"]
[Termination "Boundless_Strike won by resignation"]

1. d4 d5 2. e4 c6 3. Nc3 dxe4 4. Bc4 Nf6 5. f3 e3 6. Nge2 Bf5 7. g4 Bg6 8. h4 h5 9. Nf4 Bh7 10. g5 Nfd7 11.
g6 Bxg6 12. Nxg6 fxg6 13. Qd3 Nf6 14. Qxg6+ Kd7 15. Bxe3 e6 16. Qf7+ Qe7 17. Bxe6+ Kd8 18. O-O-O Qxf7 19. Bxf7 Bd6 20. d5 Ke7 21. Bg6 c5 22. Rhe1 Kd8 23. Nb5 Bg3 24. Re2 b6 25. d6 Bxh4 26. Nc7 1-0

[Event "Late-Titled-Tuesday-Blitz-June-25-2024"]
[Site "Chess.com"]
[Date "2024.06.25"]
[Round "3"]
[White "karinachess1"]
[Black "Zhigalko_Sergei"]
[Result "0-1"]
[WhiteElo "2678"]
[BlackElo "2978"]
[TimeControl "180+1"]
[EndTime "14:25:13 PDT"]
[Termination "Zhigalko_Sergei won by resignation"]

1. d4 Nf6 2. c4 e6 3. Nc3 Bb4 4. a3 Bxc3+ 5. bxc3 O-O 6. f3 d5 7. cxd5 exd5 8. e3 Bf5 9. Ne2 Re8 10. Ng3 Bg6 11. h4 Qd6 12. Kf2 h5 13. Bd3 c5 14.
Qc2 Nc6 15. Bb2 Rac8 16. Qd2 Na5 17. Rae1 cxd4 18. exd4 Bxd3 19. Qxd3 Qf4 20. Bc1 Ng4+ 21. Kg1 Rxe1+ 0-1

[Event "Late-Titled-Tuesday-Blitz-June-25-2024"]
[Site "Chess.com"]
[Date "2024.06.25"]
[Round "3"]
[White "campochess"]
[Black "maximnovik"]
[Result "0-1"]
[WhiteElo "2220"]
[BlackElo "2503"]
[TimeControl "180+1"]
[EndTime "14:25:14 PDT"]
[Termination "maximnovik won by resignation"]

1. d4 Nf6 2. Bg5 c5 3. d5 Qb6 4. Nc3 Qxb2 5. Bd2 Qb6 6. e4 d6 7. f4 e5 8. fxe5 dxe5 9. Be2 a6 10. Nf3 Qd8 11. O-O b5 12. Nxe5 Bd6 13. Nf3 Nbd7 14. Bg5 h6 15. Bxf6 Qxf6 16. e5 Nxe5 17. Ne4 Qe7 18.
Nxd6+ Qxd6 19. Nxe5 Qxe5 20. Bxb5+ Kf8 21. Bc6 Rb8 22. Rb1 Rxb1 23. Qxb1 g6 24. d6 Qxd6 25. Be4 Kg7 26. Kh1 Be6 27. Qb7 Rb8 28. Qa7 Rb4 29.
Bf3 Bxa2 30. h3 Rb1 31. Rxb1 Bxb1 32. Be4 Qd1+ 33. Kh2 Bxc2 34. Bxc2 Qxc2 35. Qxa6 Qc3 36. Qd6 Qd4 37. Qc6 c4 0-1

[Event "Late-Titled-Tuesday-Blitz-June-25-2024"]
[Site "Chess.com"]
[Date "2024.06.25"]
[Round "3"]
[White "HaryKane"]
[Black "erlesfar"]
[Result "1-0"]
[WhiteElo "2618"]
[BlackElo "2418"]
[TimeControl "180+1"]
[EndTime "14:25:15 PDT"]
[Termination "HaryKane won by resignation"]

1. d4 Nf6 2. e3 c5 3. f4 d5 4. Nf3 Nc6 5. c3 Bg4 6. h3 Bxf3 7. Qxf3 e6 8. Bd3 Bd6 9. O-O g6 10. Nd2 O-O 11. g4 Rb8 12. Rf2 b5 13. Nf1 b4 14.
Ng3 c4 15. Bc2 bxc3 16. bxc3 Qa5 17. e4 dxe4 18. Nxe4 Nxe4 19. Bxe4 Ne7 20. f5 exf5 21. gxf5 gxf5 22. Bh6 fxe4 23. Qf6 1-0

[Event "Late-Titled-Tuesday-Blitz-June-25-2024"]
[Site "Chess.com"]
[Date "2024.06.25"]
[Round "3"]
[White "Engima32"]
[Black "enriquebutti"]
[Result "0-1"]
[WhiteElo "2412"]
[BlackElo "2192"]
[TimeControl "180+1"]
[EndTime "14:25:16 PDT"]
[Termination "enriquebutti won by checkmate"]

1. e4 c5 2. d4 cxd4 3. Nf3 e6 4. Nxd4 Nf6 5. Nc3 d6 6. Qd3 Be7 7. Bg5 a6 8. a4 O-O 9. f4 Nc6 10. O-O-O e5 11. Nxc6 bxc6 12. Qc4 Qc7 13. fxe5 dxe5 14. Bxf6 Bxf6 15. Kb1 Be6 16. Nd5 Qd8 17. Nxf6+ Qxf6 18. Qc3 a5 19. Bd3 Rfb8 20. Ka1 Rb4 21. b3 Rab8 22. Rb1 R8b6 23. Qc5 h6 24. Rhf1 Qg5 25. Qxa5 Qd2 26.
Qc5 Bxb3 27. cxb3 Qxd3 28. Rf3 Rxa4+ 29. bxa4 Qxb1# 0-1

[Event "Late-Titled-Tuesday-Blitz-June-25-2024"]
[Site "Chess.com"]
[Date "2024.06.25"]
[Round "3"]
[White "Arysya"]
[Black "Ykow"]
[Result "1-0"]
[WhiteElo "2842"]
[BlackElo "2558"]
[TimeControl "180+1"]
[EndTime "14:25:17 PDT"]
[Termination "Arysya won by resignation"]

1. e4 e5 2. Nf3 Nc6 3. Nc3 Nf6 4.
g3 Bb4 5. Bg2 Bxc3 6. dxc3 h6 7.
Nd2 d6 8. Nc4 Bg4 9. Qd3 Qd7 10.
h3 Be6 11. Ne3 Ne7 12. b3 d5 13. exd5 Nexd5 14. c4 Nxe3 15. Qxe3 O-O 16. Bb2 Rfe8 17. Rd1 Qc8 18. g4 Nd7 19. O-O c6 20. f4 exf4 21.
Qxf4 Qd8 22. Rd6 Qg5 23. Rxe6 fxe6 24. Qf7+ Kh8 25. Qxd7 Rad8 26. Qxb7 Rd2 27. Qxc6 Red8 28. Qe4 Qc5+ 29. Kh1 Rf2 30. Qe5 Rxf1+ 31. Bxf1 Qxe5 32. Bxe5 Rd1 33. Kg1 Rd2 34. Bd3 1-0

[Event "Late-Titled-Tuesday-Blitz-June-25-2024"]
[Site "Chess.com"]
[Date "2024.06.25"]
[Round "3"]
[White "mac0504"]
[Black "Hikaru"]
[Result "0-1"]
[WhiteElo "2772"]
[BlackElo "3228"]
[TimeControl "180+1"]
[EndTime "14:25:18 PDT"]
[Termination "Hikaru won by resignation"]

1. c4 g6 2. Nc3 Bg7 3. d4 d6 4. e4 Nc6 5. Be3 e5 6. d5 Nce7 7. h4 f5 8. h5 f4 9. Bd2 g5 10. Be2 Nh6 11. Nf3 Neg8 12. Nh2 Nf6 13. g4 c6 14. Bf3 O-O 15. O-O Qd7 16. dxc6 bxc6 17.
c5 d5 18. Qb3 Rd8 19. Rad1 Qf7 20. Rfe1 d4 21. Qxf7+ Kxf7 22. Na4 Nhxg4 23. Nxg4 Bxg4 24. Bxg4 Nxg4 25. Kg2 Nf6 26. b4 Nxh5 27. Nb2 Nf6 28. Nc4 Ke6 29. Nd6 Bf8 30. Nf5 Nxe4 31. Rxe4 Kxf5 32.
Rde1 Bg7 33. f3 h5 34. a4 a6 35. Rh1 Rh8 36. Kf2 g4 37. Ke2 h4 38. Kd3 g3 0-1

[Event "Late-Titled-Tuesday-Blitz-June-25-2024"]
[Site "Chess.com"]
[Date "2024.06.25"]
[Round "3"]
[White "1g60-1"]
[Black "reevecanada"]
[Result "0-1"]
[WhiteElo "2479"]
[BlackElo "2712"]
[TimeControl "180+1"]
[EndTime "14:25:19 PDT"]
[Termination "reevecanada won by resignation"]

1. e4 c5 2. Nf3 d6 3. d4 cxd4 4. Nxd4 Nf6 5. Nc3 a6 6. Be3 e5 7. Nb3 Be6 8. f3 Be7 9. Qd2 h5 10. O-O-O Nbd7 11. Kb1 Rc8 12. Nd5 Bxd5 13. exd5 Nb6 14.
Bxb6 Qxb6 15. c4 O-O 16. Bd3 Qa7 17. h3 h4 18. Rhg1 Nh5 19. Bf5 Rxc4 20. Qe2 Rc7 21.
Nd2 Ng3 22. Qd3 g6 23. Bxg6 f5 24. f4 e4 25. Nxe4 fxe4 26. Bxe4 Bf6 27. Bf3 Qf2 28.
Qb3 Rc5 29. a4 b5 30. a5 Rfc8 31. Bg4 Rc2 32. Be6+ Kg7 33. Bxc8 Rxb2+ 0-1